 Dungeon Crawl Stone Soup version 0.19.3-1-g3169bf9 (console) character file.

945 Lahna the Covered (level 8, -3/49 HPs)
             Began as a Gargoyle Fighter on Jan 23, 2017.
             Killed from afar by Dowan (28 damage)
             ... with a shard of ice
             ... on level 5 of the Dungeon.
             The game lasted 00:13:34 (3630 turns).

Lahna the Covered (Gargoyle Fighter)                Turns: 3630, Time: 00:13:34

Health: -3/49      AC: 12    Str: 21    XL:     8   Next: 13%
Magic:  0/8        EV:  7    Int: 10    God:
Gold:   154        SH:  9    Dex:  9    Spells: 0 memorised, 7 levels left

rFire  + . .     SeeInvis .     a - +0 flail
rCold  x . .     Gourm    .     b - +0 scale mail
rNeg   + . .     Faith    .     c - +0 shield
rPois  ∞         Spirit   +     (no helmet)
rElec  +         Reflect  .     (no cloak)
rCorr  .         Harm     .     (no gloves)
MR     .....                    (no boots)
Stlth  ..........               y - amulet of guardian spirit
                                w - ring of fire
                                t - ring of poison resistance

@: no status effects
A: negative energy resistance 1, electricity resistance, unbreathing,
petrification resistance, rot immunity, AC +5
a: no special abilities


You were on level 5 of the Dungeon.
You were hungry.

You visited 1 branch of the dungeon, and saw 5 of its levels.

You collected 196 gold pieces.
You spent 42 gold pieces at shops.

Inventory:

Hand Weapons
 a - a +0 flail (weapon)
Armour
 b - a +0 scale mail (worn)
 c - a +0 shield (worn)
Jewellery
 t - a ring of poison resistance (left hand)
 w - a ring of fire (right hand)
 y - an amulet of guardian spirit (around neck)
 E - an uncursed amulet of magic regeneration
Scrolls
 h - a scroll of fog {unknown}
 l - a scroll of random uselessness {unknown}
 m - a scroll of amnesia {unknown}
 o - 4 scrolls of remove curse
 p - 2 scrolls of blinking {unknown}
 r - a scroll of enchant armour {unknown}
 s - a scroll of recharging {unknown}
 u - a scroll of noise {unknown}
 v - a scroll of teleportation {unknown}
 x - 2 scrolls of immolation {unknown}
Potions
 d - a potion of haste {unknown}
 e - 2 potions of lignification
 i - 2 potions of heal wounds
 q - 3 potions of curing
 A - 2 potions of berserk rage
 B - a potion of degeneration {unknown}
 C - a potion of agility {unknown}
Books
 D - a book of Callings

   Spells                             Type                      Level
   a - Summon Small Mammal            Summoning                    1
   b - Call Imp                       Summoning                    2
   c - Call Canine Familiar           Summoning                    3
   d - Summon Guardian Golem          Hexes/Summoning              3
   e - Summon Lightning Spire         Summoning/Air                4
   f - Summon Ice Beast               Ice/Summoning                4
Comestibles
 f - 2 bread rations
 g - a slice of pizza
 j - 2 beef jerkies
 k - a chunk of flesh
 n - 4 fruits
 z - a meat ration


   Skills:
 - Level 5.0 Fighting
 - Level 6.0 Maces & Flails
 + Level 6.3 Armour
 - Level 5.0 Shields


You had 7 spell levels left.
You didn't know any spells.

Dungeon Overview and Level Annotations

Branches:
Dungeon (5/15)
 Temple: D:4-7

Altars:
Ashenzari
Qazlal

Shops:
D:4 !

Annotations:
D:5 Dowan


Innate Abilities, Weirdness & Mutations

You are resistant to torment.
Your stone body is resilient. (AC +5)
You are immune to poison.
You resist negative energy. (rN+)
You are resistant to electric shocks. (rElec)
You can survive without breathing.
You are immune to petrification.
You are immune to rotting.


Message History

The shard of ice hits you!
You feel a painful chill!
You hit Dowan.
Dowan is almost dead.
Dowan casts a spell.
Dowan blinks!
Dowan casts a spell at you. The stone arrow hits you!
* * * LOW HITPOINT WARNING * * *
Dowan hits you but does no damage.
You closely miss Dowan.
Dowan is almost dead.
Dowan gestures at you while chanting. The shard of ice hits you!
You feel a painful chill!
* * * LOW HITPOINT WARNING * * *
Unknown command.
You feel much better. Dowan gestures at you while chanting.
The shard of ice hits you!
You feel a painful chill!
Ouch! That really hurt!
You die...

...............░
░░░░░░.░░.░░░░.░ ░.....░ ░.░
░░░░..░░░.░░░░░░░
░░░░░..░..........
.............░░░░░ ..
░░░░░.....░.░ ░.░
░░░░░░░░░░.░░░░░.░░░░░░░░░░░░.░
...........░░░░░@e..........░.░
░░░░░.<.........░░░░░░░░░░░.░.░
░░░ ░.░░░░.░░░░.░ ░)░.░
..░░░.░░░░.░ ░.░ ░░░░░░.░)░
░..........░ ░.░ ░.........░
░░░░░.░░░░.░ ░.░ ░.░░.░░.░.░░
░.░ ░.░ ░.░ ░.░░..░.░░ ░.░░░░.░
░.░ ....░░░.░ ░.░....░ ░.░
░.░░..░.░░


You could see Dowan.

Vanquished Creatures
  Grinder (D:5)
  Menkaure (D:5)
  Duvessa (D:5)
  An ogre (D:5)
  2 scorpions
  An orc priest (D:4)
  A centaur skeleton (D:5)
  An orc wizard (D:4)
  5 worker ants
  4 adders
  A gnoll (D:1)
  A shadow imp (D:5)
  3 worms
  3 dart slugs
  3 leopard geckos
  10 orcs (D:4)
  A ball python (D:1)
  8 giant cockroaches
  6 goblins
  11 hobgoblins
  3 jackals (D:4)
  5 kobolds
  A quokka (D:4)
  A ball python skeleton (D:4)
  5 bats
  3 frilled lizards
  A leopard gecko skeleton (D:4)
  8 rats
92 creatures vanquished.

Notes
Turn   | Place    | Note
-------+----------+-------------------------------------------
     0 | D:1      | Lahna the Gargoyle Fighter began the quest for the Orb.
     0 | D:1      | Reached XP level 1. HP: 14/14 MP: 1/1
    39 | D:1      | Reached XP level 2. HP: 18/19 MP: 2/2
   433 | D:1      | Reached XP level 3. HP: 17/24 MP: 3/3
  1116 | D:2      | Reached XP level 4. HP: 26/29 MP: 4/4
  1212 | D:2      | Found a stormy altar of Qazlal.
  1214 | D:2      | Noticed a fire elemental
  1214 | D:2      | Noticed a water elemental
  1219 | D:2      | Noticed an earth elemental
  1219 | D:2      | Noticed an air elemental
  2403 | D:4      | Reached XP level 5. HP: 30/34 MP: 5/5
  2463 | D:4      | Found a shattered altar of Ashenzari.
  2657 | D:4      | Reached XP level 6. HP: 32/40 MP: 2/6
  2730 | D:4      | Reached skill level 5 in Fighting
  2730 | D:4      | Reached skill level 5 in Shields
  3103 | D:4      | Found Ireur's Distillery.
  3106 | D:4      | Bought a potion of curing for 42 gold pieces
  3169 | D:5      | Entered Level 5 of the Dungeon
  3239 | D:5      | Noticed Menkaure
  3245 | D:5      | Killed Menkaure
  3296 | D:5      | Reached XP level 7. HP: 34/44 MP: 5/7
  3322 | D:5      | Noticed Grinder
  3341 | D:5      | Killed Grinder
  3398 | D:5      | Reached skill level 5 in Armour
  3575 | D:5      | Reached XP level 8. HP: 46/49 MP: 5/8
  3587 | D:5      | Noticed Duvessa
  3595 | D:5      | Killed Duvessa
  3597 | D:5      | Noticed Dowan
  3629 | D:5      | HP: 1/49 [Dowan/shard of ice (15)]
  3630 | D:5      | Killed from afar by Dowan

Skill      XL: |  1  2  3  4  5  6  7  8 |
---------------+-------------------------+-----
Armour         | 4 5 6 |  6.3
Fighting       | 4 5 |  5.0
Shields        | 4 5 |  5.0
Maces & Flails | 3 4 6 |  6.0

Action                   |  1- 3 |  4- 6 |  7- 9 || total
-------------------------+-------+-------+-------++-------
Melee: Flail             |   111 |   210 |    65 ||   386
  Use: Scroll            |       |     4 |       ||     4
       Potion            |       |       |     2 ||     2
  Eat: Chunk             |     1 |     7 |     1 ||     9
Armor: Scale mail        |    54 |   137 |    18 ||   209
Dodge: Dodged            |    36 |    86 |    14 ||   136
Block: Shield            |    59 |   138 |    27 ||   224
